Merlek, lawful female human Valkyrie ------- |.....| |.._..| |.....| ----- ---|--- ---...-- |.| ..|.....-- |.| ------ ............ -.-- |%%`%| ...---...........----- |....| .....|...|...........--- ---|-- -....-------...---......-- ---- --.---...-|...-- --...|..---...|.--).| .. --.........|..-- --.%... -..h.|...... +.............. ---..--...@@%....-- -----.....{....---- .....|...`.f..... |..............- -----.........--. -+-----....%... --...@...-- --..---- ---.h.--- ---- ----- Merlek the Fighter Experience level: 6 Strength: 17 Dexterity: 14 Constitution: 18 Intelligence: 8 Wisdom: 9 Charisma: 9 Health: 0(56) Energy: 17(17) Def: 4 Gold: 45 Moves: 1523 Dungeon seed: CM27IPsvaar_GDmz Game ID: Merlek_1670435037 Your Inventory: Coins $ - 45 gold pieces Weapons a - a blessed +1 long sword (weapon in hand) b - a +0 dagger d - a +0 sling f - a cursed -3 orcish dagger g - a cursed -3 arrow h - 2 +0 arrows k - a +0 orcish dagger B - 18 +0 darts D - a cursed +0 arrow Armor n - an uncursed +0 orcish helm r - an uncursed +0 dwarvish cloak y - an uncursed +0 dwarvish iron helm z - an uncursed +0 pair of iron shoes E - an uncursed +3 small shield (being worn) N - an uncursed +0 leather armor Comestibles C - an uncursed food ration Scrolls s - a blessed scroll of light A - an uncursed scroll of destroy armor Spellbooks F - an uncursed spellbook of knock Potions t - an uncursed potion of booze v - a cursed potion of blindness Rings u - a cursed -2 ring of gain constitution Tools e - an uncursed partly used tallow candle (lit) (0:42) w - 3 uncursed tallow candles (0:200) x - a crystal ball (0:2) I - an uncursed sack Gems q - 2 uncursed worthless pieces of violet glass Contents of the sack: 673 gold pieces an uncursed egg an uncursed food ration an uncursed fortune cookie an uncursed lichen corpse an uncursed spellbook of levitation an uncursed potion of speed Spells and supernatural/magical abilities: Name Level Category Fail Memory W - pray for help -- divine ? -- Your skills at the end: Fighting Skills Weapon Skills dagger [Basic] long sword [Basic] Spellcasting Skills Final Attributes: You were piously aligned. You were cold resistant. You were stealthy. You were lucky. You are dead. Vanquished creatures: 2 gnome kings an imp 6 gnome lords a gnomish wizard a dwarf a kobold lord a kobold shaman a giant bat a werejackal a giant rat 26 gnomes a jackal a fox 2 goblins 3 sewer rats 2 grid bugs 3 lichens a newt 55 creatures vanquished. Voluntary challenges: You used a wielded weapon 76 times, starting on turn 20. You were illiterate. You never genocided any monsters. You never polymorphed an object. You never changed form. You used no wishes. You never split a pudding. You never wrote Elbereth's name. You never violated your personal moral code. Dungeon overview: The Dungeons of Doom: levels 1 to 4 Level 1 a long staircase Level 2 Level 3 a fountain Level 4 stairs to The Gnomish Mines The Gnomish Mines: levels 5 to 8 Level 5 stairs to The Dungeons of Doom Level 6 Level 7 Level 8 <- You were here a delicatessen, a temple to Loki, a fountain History has recorded: On T:1 you entered the Dungeons of Doom to retrieve the Amulet of Yendor! On T:282 you reached level 2 of The Dungeons of Doom. On T:532 you advanced to experience level 2. On T:561 you reached level 3 of The Dungeons of Doom. On T:729 you reached level 4 of The Dungeons of Doom. On T:858 you reached level 1 of The Gnomish Mines. On T:865 you advanced to experience level 3. On T:930 you advanced to experience level 4. On T:1017 you reached level 2 of The Gnomish Mines. On T:1059 you advanced to experience level 5. On T:1205 you reached level 3 of The Gnomish Mines. On T:1333 you advanced to experience level 6. On T:1383 you reached level 4 of The Gnomish Mines. Score breakdown: Gold: 718 ( 9717 points) Experience: 6 levels (12456 points) Exploration: 8 levels ( 17.02%) (11702 points) Discoveries: 1 item ( 0.41%) ( 1912 points) Valuables value: (no points given unless you survive) Artifact value: 0 ( 0 points) Variety of kills: 18 monsters ( 4.72%) ( 6520 points) Turncount: 1523 turns ( 0 points) Survival: died (score multiplied by 80%) Total score: 33845 Latest messages: n - an uncursed orcish helm. z - an uncursed pair of iron shoes. C - an uncursed food ration. A - an uncursed scroll labeled JUYED AWK YACC. s - a blessed scroll labeled LEP GEX VEN ZEA. F - an uncursed indigo spellbook. t - an uncursed bubbly potion. v - a cursed milky potion. u - a cursed brass ring. I - an uncursed bag. e - an uncursed partly used candle (lit) (0:57). w - 3 uncursed candles. x - an uncursed glass orb. q - 2 uncursed violet gems. "The food's not fit for Orcs!" The lynx hits! (2x) The lynx bites! You kill the gnome! The lynx hits! (2x) The lynx bites! You die... Final status: Farvel Merlek the Valkyrie, killed by a lynx... You died in The Gnomish Mines on dungeon level 8 with 33845 points, and 718 pieces of gold, after 1523 moves. You were level 6 with a maximum of 56 hit points when you died.